AoeStats
← mick

Black Forest

510157137Analyzed
4v4 RM · 4d ago on Sep 29, 2026· 53m 57s· 8 players
Game mode
Random Map
Map size
Large (8 player)
Population
200
Speed
Normal
Resources
Standard
Victory
Conquest
Starting age
Dark Age
Ending age
Imperial Age
RankedLock teamsTeams togetherTeam positionsShared explorationLock speedFull tech treeHidden civsTurbo modeCheats
Victory
Defeat
🇫🇷 Cumans · France
903
+13
🇵🇪 Malay · Peru
901
+13
🇳🇱 Ethiopians · Netherlands
874
+14
🇭🇺 Vietnamese · Hungary
859
+16
🇷🇺 Gurjaras · Russia
839
-14
🇷🇺 Lithuanians · Russia
837
-14
🇷🇺 Spanish · Russia
837
-14
🇷🇺 Saracens · Russia
837
-14
Sm0k1nG040
11:48 Feudal Age
15:20 Castle Age
13:37 Double-Bit Axe
13:56 Horse Collar
16:10 Wheelbarrow
16:41 Bow Saw
21:44 Heavy Plow
22:37 Gold Mining
24:27 Gold Shaft Mining
29:17 Imperial Age
27:00 Loom
27:47 Caravan
27:56 Fletching
28:07 Padded Archer Armor
28:31 Ballistics
28:53 Coinage
28:33 Bodkin Arrow
30:00 Hand Cart
31:04 Chemistry
31:20 Two-Man Saw
31:01 Conscription
31:01 Bracer
32:17 Leather Archer Armor
31:48 Crossbowman
32:36 Thumb Ring
34:50 Ring Archer Armor
33:44 Arbalester
35:25 Banking
39:54 Scale Barding Armor
40:00 Forging
39:52 Husbandry
39:14 Light Cavalry
39:51 Light Cavalry
39:57 Cavalier
41:56 Chain Barding Armor
42:12 Iron Casting
42:22 Hussar
47:18 Blast Furnace
CERBERO
7:17 Loom
14:26 Feudal Age
16:02 Double-Bit Axe
15:57 Horse Collar
18:43 Castle Age
21:25 Gold Mining
21:26 Stone Mining
23:31 Heavy Plow
23:43 Bow Saw
27:40 Gold Shaft Mining
27:40 Stone Shaft Mining
28:01 Squires
27:21 Pikeman
27:47 Arson
29:01 Man-at-Arms
33:19 Imperial Age
32:14 Forging
33:16 Conscription
32:59 Forced Levy
32:20 Elite Karambit Warrior
32:23 Halberdier
33:52 Crop Rotation
33:21 Treadmill Crane
34:42 Chemistry
33:34 Long Swordsman
34:51 Iron Casting
34:54 Wheelbarrow
34:05 Town Watch
34:38 Siege Engineers
34:09 Capped Ram
34:48 Two-Handed Swordsman
38:55 Blast Furnace
39:27 Caravan
51:14 Hand Cart
51:00 Town Patrol
juhamate7
0:48 Loom
13:59 Feudal Age
18:06 Castle Age
17:09 Double-Bit Axe
28:24 Fletching
34:12 Bow Saw
35:22 Wheelbarrow
35:37 Ballistics
35:13 Horse Collar
36:24 Hand Cart
36:20 Chatras
36:36 Forging
36:32 Scale Barding Armor
36:35 Gold Mining
36:35 Stone Mining
39:59 Imperial Age
37:41 Town Watch
38:59 Iron Casting
38:44 Chain Barding Armor
39:23 Husbandry
40:13 Bloodlines
40:24 Caravan
40:54 Coinage
41:02 Elite Rattan Archer
41:51 Bodkin Arrow
41:57 Padded Archer Armor
42:33 Plate Barding Armor
42:54 Squires
42:39 Arson
43:42 Elite Battle Elephant
45:33 Coinage
45:14 Guilds
46:58 Chemistry
45:54 Murder Holes
46:10 Masonry
46:29 Town Patrol
47:32 Two-Man Saw
47:06 Banking
47:11 Pikeman
48:00 Bracer
48:15 Leather Archer Armor
50:31 Paper Money
50:15 Treadmill Crane
50:40 Siege Engineers
50:26 Heated Shot
50:22 Arrowslits
mick
2:21 Loom
11:01 Feudal Age
12:18 Wheelbarrow
12:03 Double-Bit Axe
12:14 Horse Collar
19:21 Castle Age
19:46 Forging
28:26 Hand Cart
30:08 Bow Saw
30:08 Heavy Plow
31:53 Stone Mining
31:54 Gold Mining
36:18 Imperial Age
34:51 Gold Shaft Mining
36:42 Caravan
37:40 Iron Casting
36:56 Fletching
37:07 Padded Archer Armor
37:13 Scale Barding Armor
37:08 Scale Mail Armor
37:42 Bodkin Arrow
38:47 Leather Archer Armor
39:42 Blast Furnace
40:03 Chain Barding Armor
39:59 Chain Mail Armor
40:36 Conscription
43:20 Two-Man Saw
43:01 Crop Rotation
43:40 Elite Kipchak
49:19 Onager
50:45 Siege Onager
IvanD
6:09 Loom
15:39 Feudal Age
16:13 Double-Bit Axe
16:12 Horse Collar
16:27 Gold Mining
16:28 Stone Mining
17:38 Wheelbarrow
19:03 Town Watch
20:37 Fletching
23:45 Castle Age
25:09 Hand Cart
24:59 Caravan
25:15 Heavy Plow
25:38 Bow Saw
26:24 Town Patrol
26:53 Fortified Wall
26:24 Treadmill Crane
27:17 Fervor
29:55 Forging
31:33 Gold Shaft Mining
31:33 Stone Shaft Mining
33:08 Masonry
36:05 Imperial Age
34:03 Husbandry
35:13 Iron Casting
34:39 Scale Mail Armor
34:35 Bodkin Arrow
36:45 Kshatriyas
38:03 Chemistry
37:24 Ballistics
37:34 Conscription
36:36 Elite Chakram Thrower
38:06 Crop Rotation
40:11 Bracer
47:22 Frontier Guards
47:41 Murder Holes
48:18 Architecture
Seeker
0:50 Loom
13:07 Feudal Age
13:58 Feudal Age
16:02 Double-Bit Axe
16:00 Horse Collar
18:42 Wheelbarrow
19:06 Wheelbarrow
19:37 Stone Mining
19:39 Gold Mining
19:56 Fletching
24:20 Castle Age
24:15 Forging
25:23 Bow Saw
25:17 Caravan
26:05 Bodkin Arrow
27:25 Heavy Plow
30:39 Hand Cart
32:51 Stone Shaft Mining
34:00 Fortified Wall
37:43 Imperial Age
35:18 Padded Archer Armor
37:33 Bloodlines
37:23 Husbandry
38:46 Iron Casting
38:12 Scale Mail Armor
38:27 Leather Archer Armor
39:38 Chemistry
38:59 Ballistics
39:12 Conscription
38:52 Pikeman
39:33 Squires
39:18 Arson
39:18 Gambesons
38:55 Man-at-Arms
39:01 Light Cavalry
50:31 Halberdier
Shram
0:35 Loom
13:50 Feudal Age
14:31 Horse Collar
14:48 Double-Bit Axe
15:52 Wheelbarrow
15:12 Town Watch
16:29 Gold Mining
16:30 Stone Mining
23:17 Castle Age
23:28 Forging
23:19 Scale Mail Armor
24:26 Hand Cart
24:43 Caravan
25:30 Heavy Plow
26:30 Bloodlines
26:20 Husbandry
27:02 Chain Mail Armor
26:50 Light Cavalry
28:50 Iron Casting
30:55 Scale Barding Armor
31:04 Town Patrol
35:57 Imperial Age
35:11 Treadmill Crane
35:57 Chain Barding Armor
36:22 Elite Leitis
37:47 Crop Rotation
37:32 Bow Saw
38:26 Chemistry
37:47 Ballistics
38:42 Plate Barding Armor
38:34 Conscription
38:56 Winged Hussar
47:37 Thumb Ring
46:53 Elite Skirmisher
47:36 Squires
47:21 Arson
Guardian of Tirisfal
1:10 Loom
13:58 Feudal Age
16:21 Double-Bit Axe
16:21 Horse Collar
18:00 Wheelbarrow
22:21 Man-at-Arms
25:08 Castle Age
23:35 Fletching
23:45 Padded Archer Armor
25:10 Forging
25:01 Scale Mail Armor
25:07 Scale Barding Armor
25:49 Heavy Plow
26:00 Bow Saw
26:21 Gambesons
27:46 Hand Cart
29:42 Fortified Wall
30:12 Squires
30:28 Gold Mining
31:27 Thumb Ring
31:50 Masonry
33:05 Gold Shaft Mining
32:22 Stone Mining
36:35 Imperial Age
35:09 Ballistics
35:41 Elite Skirmisher
38:47 Chemistry
39:00 Bodkin Arrow
39:21 Leather Archer Armor
39:52 Elite Mameluke
43:51 Pikeman
49:08 Siege Engineers
50:14 Bloodlines
50:05 Husbandry
51:38 Light Cavalry
53:06 Hussar
Connection lost

Rejoining the realm…

Still unreachable

The connection could not be restored.

Session expired

The server has moved on; the page needs a fresh start.